 Dungeon Sprint DCSS version 0.30-a0-1160-g6e42c06551 (webtiles) character file.

Game seed: 3006024220674979524

158 fozzywoppz the Covert (level 5, -2/24 HPs)
             Began as a Spriggan Enchanter on Apr 25, 2023.
             Was an Initiate of Jiyva.
             Slain by an ogre
             ... wielding a +0 giant spiked club
              (26 damage)
             ... in the Dungeon (Sprint VII: "The Pits").
             The game lasted 00:02:51 (228 turns).

fozzywoppz the Covert (Spriggan Enchanter)           Turns: 228, Time: 00:02:52

Health: -2/24      AC:  2    Str:  6    XL:     5   Next: 16%
Magic:  6/13       EV: 20    Int: 17    God:    Jiyva [......]
Gold:   0          SH:  0    Dex: 15    Spells: 12/14 levels left

rFire   . . .        e - +2 dagger (venom)
rCold   . . .        (no shield)
rNeg    . . .        b - +0 robe
rPois   .            (helmet restricted)
rElec   .            (no cloak)
rCorr   .            (gloves unavailable)
SInv    +            (boots unavailable)
Will    .....        (no amulet)
Stlth   ++++         (no ring)
HPRegen 0.24/turn    (no ring)
MPRegen 0.13/turn

%: no teleportation
@: hasted, invisible, very quick
A: very small, no large weapons, unfitting armour, see invisible, speed 3
a: Renounce Religion


You were in the Dungeon.
You worshipped Jiyva.
Jiyva was noncommittal.
You visited 1 branch

Inventory:

Hand Weapons
 e - a +2 dagger of venom (weapon)
Armour
 b - a +0 robe (worn)
Scrolls
 i - a scroll of blinking
 j - 5 scrolls of amnesia
 k - a scroll of butterflies
Potions
 a - 5 potions of heal wounds
 c - 3 potions of invisibility
 d - 6 potions of curing
 g - 4 potions of magic
 h - 2 potions of berserk rage


   Skills:
 + Level 6.0 Short Blades
 + Level 7.3 Dodging
 + Level 9.8 Stealth
 - Level 5.0 Spellcasting
 - Level 5.0 Hexes


You had 12 spell levels left.
You knew the following spells:

 Your Spells              Type           Power      Damage    Failure   Level
a - Ensorcelled Hibernat  Hex/Ice        24%        N/A       8%          2

Your spell library contained the following spells:

 Spells                   Type           Power      Damage    Failure   Level
 Confusing Touch          Hex            21%        N/A       5%          3
 Tukima's Dance           Hex            21%        N/A       5%          3
 Dazzling Flash           Conj/Hex       24%        N/A       16%         3


Dungeon Overview and Level Annotations

Branches:
Dungeon (1/1)

Altars:
Cheibriados
Dithmenos
Elyvilon
Fedhas
Gozag
Hepliaklqana
Makhleb
Nemelex Xobeh
Okawaru
Qazlal
Ru
Sif Muna
Trog
Vehumet
Wu Jian
Xom
Yredelemnul
Zin
The Shining One
Jiyva
Lugonu


Innate Abilities, Weirdness & Mutations

You are very small and have problems with some larger weapons.
You are too small for most types of armour.
You have supernaturally acute eyesight. (SInv)
You cover ground extremely quickly. (Speed+++)


Message History

The gnoll is moderately wounded.
You closely miss the gnoll.
The gnoll is heavily wounded.
The gnoll misses you.
You hit the gnoll.
The gnoll is severely wounded.
You hit the gnoll.
The gnoll is almost dead.
You hit the gnoll.
You kill the gnoll!
Your Dodging skill increases to level 6!
Casting: Ensorcelled Hibernation (safe; 9% risk of failure)
Confirm with . or Enter, or press ? or * to list all spells.
Aiming: Ensorcelled Hibernation (safe; 9% risk of failure)
Press: ? - help, Shift-Dir - straight line, f - scorpion
Aim: a scorpion (wandering, unable to see you, hasn't noticed you, chance to affect: 46%)
The scorpion looks drowsy...
The helpless scorpion fails to defend itself.
You spit the scorpion like a pig!!!
You kill the scorpion!
Your Short Blades skill gained 2 levels and is now at level 6!
Your Dodging skill increases to level 7!
Your Stealth skill increases to level 9!
You have reached level 5!
You feel clever. The ogre misses you.
Items here: )) [ ††.
Casting: Ensorcelled Hibernation (safe; 8% risk of failure)
Confirm with . or Enter, or press ? or * to list all spells.
Aiming: Ensorcelled Hibernation (safe; 8% risk of failure)
Press: ? - help, Shift-Dir - straight line, f - ogre
Aim: an ogre, wielding a +0 giant spiked club (unable to see you, chance to affect: 46%)
The ogre resists with some effort.
You hit the ogre.
The ogre is poisoned.
The ogre is lightly wounded.
You hit the ogre.
The ogre is moderately wounded.
The ogre hits you with a +0 giant spiked club!!
Ouch! That really hurt!
You die...

______...#######
##########'##.....
#.?(.')))'.##.....
##########.##.....
#...........+.....
#'#####+#####.....
#.#..#..#[[##.....
#)#.....#))#####'#
#@#..####))##.....
#O#.G#.G#))##.....
#g#..#..#..##.....
#g##.#..#'###...<.
#g#........##.....
#.#........##.....
#'###########.....
#....gg.# ######
#.g.gO..#


You could see an ogre (unable to see you, very poisoned) and 3 gnolls.

Vanquished Creatures
  A scorpion (D)
  A gnoll sergeant (D)
  3 gnolls (D)
  An ufetubus (D)
  A ball python (D)
  2 jackals (D)
  A kobold (D)
  2 bats (D)
  A quokka skeleton (D)
  2 rats (D)
15 creatures vanquished.

Vanquished Creatures (others)
  Dissolution (D)
  An Orb Guardian (D)
  2 acid blobs (D)
  2 azure jellies (D)
  A great orb of eyes (D)
  An ice dragon (D)
  A death knight (D)
  A steelbarb worm (shapeshifter) (D)
  A wind drake (D)
  6 slime creatures (D)
  A fire elemental (D)
  A water elemental (D)
  3 floating eyes (D)
  2 hell hounds (D)
  A bat simulacrum (D)
25 creatures vanquished.

Grand Total: 40 creatures vanquished

Notes
Turn   | Place    | Note
-------+----------+-------------------------------------------
     0 | D        | fozzywoppz the Spriggan Enchanter began the quest for the
                  | Orb.
     0 | D        | Reached XP level 1. HP: 9/9 MP: 5/5
    15 | D        | Found a bloodstained altar of Trog.
    15 | D        | Found a shimmering blue altar of Sif Muna.
    15 | D        | Found a viscous altar of Jiyva.
    15 | D        | Found a hazy altar of Hepliaklqana.
    15 | D        | Found an opulent altar of Gozag.
    16 | D        | Found a glowing golden altar of the Shining One.
    16 | D        | Found a glowing silver altar of Zin.
    16 | D        | Found a basalt altar of Yredelemnul.
    16 | D        | Found a shimmering altar of Xom.
    16 | D        | Found an ornate altar of the Wu Jian Council.
    16 | D        | Found a sacrificial altar of Ru.
    16 | D        | Found a stormy altar of Qazlal.
    16 | D        | Found an iron altar of Okawaru.
    16 | D        | Found a sparkling altar of Nemelex Xobeh.
    16 | D        | Found a burning altar of Makhleb.
    16 | D        | Found a blossoming altar of Fedhas.
    16 | D        | Found a white marble altar of Elyvilon.
    16 | D        | Found a shadowy altar of Dithmenos.
    16 | D        | Found a snail-covered altar of Cheibriados.
    17 | D        | Found a radiant altar of Vehumet.
    17 | D        | Found a corrupted altar of Lugonu.
    20 | D        | Became a worshipper of Jiyva Juzoz the Shapeless
    20 | D        | Killed a hell hound
    20 | D        | Killed a water elemental
    21 | D        | Killed an azure jelly
    22 | D        | Killed a hell hound
    24 | D        | Killed a slime creature
    24 | D        | Killed a slime creature
    24 | D        | Killed a fire elemental
    25 | D        | Killed a slime creature
    25 | D        | Killed a slime creature
    27 | D        | Killed a death knight
    27 | D        | Killed an acid blob
    30 | D        | Killed an Orb Guardian
    30 | D        | Killed an azure jelly
    30 | D        | Killed Dissolution
    30 | D        | Killed a great orb of eyes
    32 | D        | Killed a wind drake
    35 | D        | Killed a slime creature
    36 | D        | Killed a slime creature
    38 | D        | Killed an acid blob
    48 | D        | Killed a steelbarb worm
    52 | D        | Killed an ice dragon
    63 | D        | Reached skill level 5 in Stealth
    65 | D        | Reached XP level 2. HP: 6/13 MP: 5/7
    68 | D        | Noticed a floating eye
    76 | D        | Killed a floating eye
   110 | D        | Learned a level 2 spell: Ensorcelled Hibernation
   144 | D        | Killed a floating eye
   192 | D        | Noticed a gnoll sergeant
   192 | D        | Noticed an ogre
   192 | D        | Noticed a scorpion
   197 | D        | Noticed a fire bat
   198 | D        | Reached skill level 6 in Stealth
   201 | D        | Killed a floating eye
   213 | D        | Reached XP level 3. HP: 16/16 MP: 9/9
   217 | D        | Killed a gnoll sergeant
   218 | D        | Reached skill level 5 in Dodging
   218 | D        | Reached skill level 8 in Stealth
   218 | D        | Reached skill level 5 in Spellcasting
   218 | D        | Reached skill level 5 in Hexes
   218 | D        | Reached XP level 4. HP: 21/21 MP: 10/12
   224 | D        | Killed a scorpion
   225 | D        | Reached skill level 9 in Stealth
   225 | D        | Reached XP level 5. HP: 24/24 MP: 8/13
   228 | D        | Slain by an ogre

Illustrated notes

Levels and vault maps discovered:
D:        pitsprint [storerooms_1, entrance_room_1, metal_vault_2, armoury_1,
          mini_pit_1, grid_room_1, main_hall_1, silver_pit, the_coven_3,
          the_vestibule_1, steel_vault_1, golden_pit, hallway_of_sentries,
          crystal_vault_4, iron_vault_2, final_vault]

Skill      XL: |  1  2  3  4 |
---------------+-------------+-----
Short Blades   | 2 3 4 6 |  6.0
Dodging        | 3 4 5 7 |  7.3
Stealth        | 5 6 8 9 |  9.8
Spellcasting   | 3 4 5 |  5.0
Hexes          | 4 5 |  5.0

Action                     |  1- 3 |  4- 6 || total
---------------------------+-------+-------++-------
  Melee: Dagger            |    31 |     8 ||    39
   Cast: Ensorcelled Hiber |       |     2 ||     2
    Use: Potion            |     4 |       ||     4
   Stab: Sleeping          |     2 |     1 ||     3
         Paralysed         |     1 |       ||     1
         Invisible         |     2 |       ||     2
 Armour: Robe              |     1 |       ||     1
  Dodge: Dodged            |    31 |     2 ||    33

Table legend: (Time is in decaauts)
 A = Elapsed time spent in this place.
 B = Non-inter-level travel time spent in this place.
 C = Inter-level travel time spent in this place.
 D = Time resting spent in this place.
 E = Time spent auto-exploring this place.
 F = Levels seen in this place.
 G = Mean time per level.
                   A        B        C        D        E       F      G
               +--------+--------+--------+--------+--------+-----+--------+
         Total |    166 |    166 |      0 |      6 |      0 |   1 |  166.0 |
       Dungeon |    166 |    166 |      0 |      6 |      0 |   1 |  166.0 |
               +--------+--------+--------+--------+--------+-----+--------+

Top non-repeatable levels by time:
       D: 166 daAuts
